AoeStats
← Irving Legend

Enclosed

506869863Analyzed
1v1 RM · 18d ago on Sep 15, 2026· 31m 32s· 2 players
Game mode
Random Map
Map size
Tiny (2 player)
Population
200
Speed
Normal
Resources
Standard
Victory
Conquest
Starting age
Dark Age
Ending age
Imperial Age
RankedLock teamsTeams togetherTeam positionsShared explorationLock speedFull tech treeHidden civsTurbo modeCheats
Victory
Defeat
🇨🇦 Romans · Canada
1174
+17
🇦🇷 Sicilians · Argentina
1194
-17
Irving Legend
5:48 Loom
9:19 Feudal Age
9:24 Man-at-Arms
9:50 Double-Bit Axe
12:13 Scale Mail Armor
16:10 Horse Collar
18:12 Town Watch
19:57 Wheelbarrow
22:42 Castle Age
21:56 Gold Mining
22:21 Fletching
22:59 Long Swordsman
25:02 Chain Mail Armor
27:58 Forging
31:19 Squires
Chimi Kyle
9:18 Feudal Age
10:27 Town Watch
10:47 Loom
14:33 Arson
17:50 Fletching
26:18 Castle Age
25:01 Scale Mail Armor
26:33 Forging
Connection lost

Rejoining the realm…

Still unreachable

The connection could not be restored.

Session expired

The server has moved on; the page needs a fresh start.